 Dungeon Crawl Stone Soup version 0.29-a0-575-g0dc89cf053 (webtiles) character file.

Game seed: 1478724860129773930

51 spiderkeys the Skirmisher (level 4, -2/40 HPs)
             Began as a Meteoran Abyssal Knight on June 12, 2022.
             Was a Priest of Lugonu.
             Slain by an orc
             ... wielding a +0 flail
              (3 damage)
             ... on level 3 of the Dungeon.
             The game lasted 00:05:46 (975 turns).

spiderkeys the Skirmisher (Meteoran Abyssal Knight)  Turns: 975, Time: 00:05:47

Health: -2/40      AC:  5    Str: 16    XL:     4   Next: 25%
Magic:  7/7        EV: 10    Int: 12    God:    Lugonu [***...]
Gold:   13         SH:  0    Dex: 14    Spells: 1/3 levels left

rFire   . . .      SeeInvis .   a - +1 hand axe
rCold   . . .      Faith    .   (no shield)
rNeg    . . .      Spirit   .   k - +0 ring mail
rPois   .          Reflect  .   (no helmet)
rElec   .          Harm     .   (no cloak)
rCorr   .          Rampage  .   (no gloves)
Will    .....                   (no boots)
Stlth   +.........              (no amulet)
HPRegen 0.13/turn               (no ring)
MPRegen 0.10/turn               (no ring)

@: brilliant, glowing
A: sense surroundings 1, otherworldly, glowing, explore regen
a: Renounce Religion, Depart the Abyss, Bend Space, Banish


You were on level 3 of the Dungeon.
You worshipped Lugonu.
Lugonu was most pleased with you.
You visited 1 branch of the dungeon, and saw 4 of its levels.
You visited the Abyss 1 time.

You collected 13 gold pieces.


Innate Abilities, Weirdness & Mutations

You passively map a small area around you.
You are easily found by Zot.
You glow in the dark.
You regain HP and MP as you explore.


   Skills:
 + Level 3.8 Fighting
 + Level 3.1 Axes
 - Level 0.1 Throwing
 + Level 3.2 Armour
 - Level 1.2 Dodging
 + Level 0.3 Poison Magic
 + Level 3.2 Invocations


You had one spell level left.
You knew the following spells:

 Your Spells              Type           Power      Damage    Failure   Level
p - Poisonous Vapours     Pois/Air       0%         N/A       65%         2

Your spell library contained the following spells:

 Spells                   Type           Power      Damage    Failure   Level
 Sting                    Tmut/Pois      0%         1d3       52%         1
 Olgreb's Toxic Radiance  Pois           1%         N/A       99%         4

Inventory:

Hand Weapons
 a - a +1 hand axe (weapon)
 o - a +0 hunting sling of freezing
   (You took it off a goblin on level 2 of the Dungeon)
Missiles
 e - 18 stones
 i - 5 boomerangs
 q - 4 poisoned darts
Armour
 b - a +0 leather armour
 k - a +0 ring mail (worn)
   (You found it on level 1 of the Dungeon)
Magical Staves
 d - a staff of earth {!a}
   (You found it on level 1 of the Dungeon)
 h - a staff of conjuration {!a}
   (You found it on level 1 of the Dungeon)
Jewellery
 Z - a ring of wizardry
   (You found it on level 2 of the Dungeon)
Scrolls
 j - 2 scrolls of blinking {!r}
 l - 2 scrolls of magic mapping {!r}
 n - a scroll of fear {unknown}
Potions
 c - a potion of curing {@q1}
 f - a potion of haste {unknown}
 g - a potion of might {unknown}
 p - a potion of ambrosia {unknown}
 r - a potion of lignification {unknown}

Dungeon Overview and Level Annotations

Branches:
Dungeon (4/15)
 Temple: D:4-7

Altars:

Shops:
D:1

[ #########
#.......#
###.......####
*
#>..!..!.....#
,,
#..o....#..#
,,,
#.@†....#.# ,
####o.##>.# ,
##......## ,
,, #.....###
#:.#S## * ,
*#.o#.# , ,
......# *
#.##oo.# *
**... #o#...


You could see 2 orcs.


Message History

You start memorising the spell.
You continue memorising. x2
You finish memorising.
Spell assigned to 'p'.
n - a scroll labelled AGGUODWEOS
q - 4 poisoned darts
r - a murky inky potion A hobgoblin comes into view.
The hobgoblin shouts!
The hobgoblin hits you. 😕 HP[-3]
You take 3 damage, and now have 30/33 hp.
You hit the hobgoblin. The hobgoblin hits you. 😕 HP[-3]
You take 3 damage, and now have 27/33 hp.
You hit the hobgoblin.
You kill the hobgoblin!
Lugonu accepts your kill.
You see here a hobgoblin corpse. 😕 HP[+1] 😕 HP[+1]
Found a stone staircase leading up.
There is a stone staircase leading up here. 😕 HP[+1]
You climb upwards.
There is a stone staircase leading down here. 😎 HP[+3]
Your hp is fully restored (33).
Found a stone staircase leading down. 2 orcs come into view.
The orc shouts!
You hear an angry hiss.
An orc comes into view. It is wielding a +0 trident.
An adder comes into view.
The adder hisses angrily.
The orc shouts!
You see here a Young Poisoner's Handbook.
You start waiting.
There are monsters nearby!
You hit the adder. The adder closely misses you.
You miss the adder.
The adder bites you but does no damage. x2
You closely miss the orc. You hit the adder. The adder bites you.
The orc closely misses you.
The orc hits you with a +0 war axe. 😕 HP[-8]
You take 8 damage, and now have 25/33 hp.
MASSIVE DAMAGE!! (PAUSE)
You hit the orc. You barely miss the adder. The adder misses you.
The orc hits you from afar with a +0 trident.
The orc closely misses you. The adder bites you.
You are poisoned.
The adder poisons you! 😮 HP[-5]
You take 5 damage, and now have 20/33 hp.
You hit the orc.
You kill the orc!
Lugonu accepts your kill.
You hit the adder.
You feel sick.
The orc hits you from afar with a +0 trident!
* * * LOW HITPOINT WARNING * * *
The adder misses you.
You have reached level 4! 😨 HP[-8] MP[+1]
You now have 40 max hp (+7).
You take 8 damage, and now have 12/40 hp.
Your mp is fully restored (7).
It was a potion of brilliance.
You feel clever all of a sudden.
You feel sick. The adder barely misses you.
The orc hits you from afar with a +0 trident.
* * * LOW HITPOINT WARNING * * *
The adder bites you but does no damage. 😱 HP[-5]
You take 5 damage, and now have 7/40 hp.
It was a potion of curing.
You feel better. The orc completely misses you.
The adder bites you but does no damage. 😨 HP[+9]
You regained 9 hp, and now have 16/40 hp.
You hit the adder.
The orc hits you from afar with a +0 trident.
* * * LOW HITPOINT WARNING * * *
The adder bites you but does no damage. 😨 HP[-5]
You take 5 damage, and now have 11/40 hp.
You hit the adder.
You kill the adder!
Lugonu accepts your kill.
You hit the orc. The orc barely misses you.
The orc hits you but does no damage. The orc misses you.
The orc hits you from afar with a +0 trident.
* * * LOW HITPOINT WARNING * * *
😱 HP[-3]
You take 3 damage, and now have 8/40 hp.
You hit the orc but do no damage. The orc closely misses you.
The orc barely misses you.
You hit the orc. The orc hits you with a +0 flail.
* * * LOW HITPOINT WARNING * * *
The orc hits you from afar with a +0 trident.
* * * LOW HITPOINT WARNING * * *
😱 HP[-7]
You take 7 damage, and now have 1/40 hp.
Unknown command.
You closely miss the orc. The orc completely misses you.
The orc hits you with a +0 flail.
You die...

Skill      XL: |  1  2  3 |
---------------+----------+-----
Axes           | 3 |  3.1
Armour         | 3 |  3.2
Invocations    | 3 |  3.2
Fighting       | |  3.8
Throwing       | |  0.1
Dodging        | |  1.2
Poison Magic   | |  0.3

Action                   |  1- 3 |  4- 6 || total
-------------------------+-------+-------++-------
Melee: Hand axe          |    99 |     5 ||   104
       Punch             |     1 |       ||     1
Throw: Boomerang         |     5 |       ||     5
  Use: Scroll            |     3 |       ||     3
       Potion            |       |     2 ||     2
Armor: Leather armour    |    21 |       ||    21
       Ring mail         |     4 |     4 ||     8
Dodge: Dodged            |    48 |     7 ||    55

Levels and vault maps discovered:
D:1:      sevenhm_arrival_forest_fort_small_4, layout_basic,
          shapermc_ecumenical_altar_hornbeckon, serial_shops, nicolae_shop_trees
D:2:      layout_loops_cross, serial_park_tiny_1
D:3:      layout_rooms
D:4:      layout_basic

Notes
Turn   | Place    | Note
-------+----------+-------------------------------------------
     0 | Abyss:1  | spiderkeys the Meteoran Abyssal Knight began the quest for
                  | the Orb.
     0 | Abyss:1  | Reached XP level 1. HP: 19/19 MP: 3/3
     0 | Abyss:1  | magus.rc [v1.11.3]
     8 | Abyss:1  | Found an iron altar of Okawaru.
    68 | Abyss:1  | Found an iron altar of Okawaru.
    88 | D:1      | You pass through the gate.
    88 | D:1      | Escaped the Abyss
   185 | D:1      | Reached XP level 2. HP: 8/26 MP: 4/4
   323 | D:1      | Found a faded altar of an unknown god.
   349 | D:1      | Found Kolis's Antique Armour Shoppe.
   445 | D:1      | Reached XP level 3. HP: 16/31 MP: 6/6
   532 | D:1      | Reached skill level 3 in Axes
   532 | D:1      | Reached skill level 3 in Armour
   532 | D:1      | Reached skill level 3 in Invocations
   559 | D:1      | Glimpsed the power of Zot.
   674 | D:2      | Reached *** piety under Lugonu
   774 | D:2      | You fall into a shaft and drop 2 floors!
   876 | D:4      | You add the spells Sting, Poisonous Vapours and Olgreb's
                  | Toxic Radiance to your library.
   884 | D:4      | Learned a level 2 spell: Poisonous Vapours
   969 | D:3      | Reached XP level 4. HP: 12/40 MP: 7/7
   969 | D:3      | HP: 7/40 [orc/+0 trident (4)]
   974 | D:3      | HP: 7/40 [orc/+0 flail (1)]
   974 | D:3      | HP: 1/40 [orc/+0 trident (6)]
   975 | D:3      | Slain by an orc

Vanquished Creatures
  A gnoll (D:1)
  An adder (D:3)
  A dart slug (D:4)
  An orc (D:3)
  3 endoplasms (D:1)
  3 goblins
  6 hobgoblins
  3 jackals (D:1)
  A quokka (D:1)
  4 ball pythons
  2 frilled lizards (D:1)
  A kobold (D:2)
  A rat (D:1)
28 creatures vanquished.

Table legend:
 A = Non-vault XP
 B = Vault XP
 C = Vault XP percentage of total XP
 D = Non-vault monster count
 E = Vault monster count
 F = Vault count percentage of total count
                 A         B        C        D         E       F
            +---------+---------+-------+---------+---------+-------
      Total |      73 |       0 |   0.0 |      28 |       0 |   0.0
            +---------+---------+-------+---------+---------+-------
        D:1 |      45 |       0 |   0.0 |      20 |       0 |   0.0
        D:2 |       5 |       0 |   0.0 |       3 |       0 |   0.0
        D:3 |      16 |       0 |   0.0 |       2 |       0 |   0.0
        D:4 |       7 |       0 |   0.0 |       3 |       0 |   0.0
            +---------+---------+-------+---------+---------+-------

Illustrated notes

Table legend:
 A = Kills in this place as a percentage of kills in entire the game.
 B = Kills by you in this place as a percentage of kills by you in the entire game.
 C = Kills by friends in this place as a percentage of kills by friends in the entire game.
 D = Other kills in this place as a percentage of other kills in the entire game.
 E = Experience gained in this place as a percentage of experience gained in the entire game.
 F = Experience gained in this place divided by the number of levels of this place that you have seen.
                   A       B       C       D       E      F
               +-------+-------+-------+-------+-------+----------------------
         Total | 100.0 | 100.0 |   N/A |   N/A | 100.0 |  14.6
       Dungeon | 100.0 | 100.0 |   N/A |   N/A | 100.0 |  18.2
               +-------+-------+-------+-------+-------+----------------------

Table legend: (Time is in decaauts)
 A = Elapsed time spent in this place.
 B = Non-inter-level travel time spent in this place.
 C = Inter-level travel time spent in this place.
 D = Time resting spent in this place.
 E = Time spent auto-exploring this place.
 F = Levels seen in this place.
 G = Mean time per level.
                   A        B        C        D        E       F      G
               +--------+--------+--------+--------+--------+-----+--------+
         Total |   1006 |    803 |    203 |      3 |     13 |   5 |  201.2 |
       Dungeon |    918 |    715 |    203 |      3 |     13 |   4 |  229.5 |
         Abyss |     88 |     88 |      0 |      0 |      0 |   1 |   88.0 |
               +--------+--------+--------+--------+--------+-----+--------+

Top non-repeatable levels by time:
     D:1: 521 daAuts
     D:2: 193 daAuts
     D:4: 176 daAuts
 Abyss:1: 88 daAuts
     D:3: 26 daAuts
